cohdb
Replays
Latest Replays
All Replays
Popular Replays
Top Player Replays
Match Explorer
How It Works
Community
CoH3 Stats
Reddit
Sign in to upload your games and track your stats! →
Sign in with Steam
Match 43950363
Unlisted
Match 43950363
Overview
Messages
Build Orders
End
Construct Infanterie Kompanie
Grenadier Squad
Grenadier Squad
Grenadier Squad
GrW 34 Mortar Team
Construct Luftwaffe Kompanie
MG 42 Machine Gun Team
Support Elements
Jäger Squad
Wirbelwind Flakpanzer
Wirbelwind Flakpanzer
Selects Mechanized Battlegroup
Selects Mobile Repair Stations
Selects Wespe Self-propelled Artillery
Wespe Self-propelled Artillery
Landser
*Mule
FeriG
bl4ckjack
CalmSassarShow
Sponge_bobby
0
0
Comments
sign in to comment!
No comments posted yet!